 Dungeon Crawl Stone Soup version 0.27-a0-789-g6bb3289e1e (webtiles) character file.

Game seed: 4548445149390477096

51 tsouns the Magician (level 3, 0/28 HPs)
             Began as a Djinni Arcane Marksman on Mar 26, 2021.
             Slain by an adder (3 damage)
             ... on level 2 of the Dungeon.
             The game lasted 00:03:12 (1437 turns).

tsouns the Magician (Djinni Arcane Marksman)        Turns: 1437, Time: 00:03:12

Health: 0/28       AC:  3    Str:  9    XL:     3   Next: 81%
Gold:   42         EV: 12    Int: 15    God:
                   SH:  0    Dex: 13

rFire    + + .     SeeInvis .   a - +0 hand crossbow
rCold    x . .     Faith    .   (no shield)
rNeg     . . .     Spirit   .   e - +1 robe
rPois    ∞         Reflect  .   (no helmet)
rElec    .         Harm     .   (no cloak)
rCorr    .         Rampage  .   (no gloves)
Will     .....                  (boots unavailable)
Stlth    +.........             (no amulet)
HPRegen  0.09/turn              (no ring)
MPRegen  0.00/turn              (no ring)

@: flying
A: fire resistance 2, cold vulnerability 1, float, innate caster, hp casting,
extra vitality 1
a: no special abilities


You were on level 2 of the Dungeon.
You visited 1 branch of the dungeon, and saw 2 of its levels.

You collected 66 gold pieces.
You spent 24 gold pieces at shops.

Inventory:

Hand Weapons
 a - a +0 hand crossbow (weapon)
 j - a +2 dagger of protection
Missiles
 b - 7 boomerangs
 d - 9 bolts (quivered ammo)
 h - a throwing net
Armour
 e - a +1 robe (worn)
Scrolls
 c - a scroll of fear
 f - a scroll of amnesia
 g - a scroll of teleportation
 i - a scroll of blinking {unknown}
 k - a scroll of identify


   Skills:
 + Level 1.8 Fighting
 * Level 2.5 Crossbows
 - Level 2.1 Dodging
 + Level 3.0 Spellcasting


You couldn't memorise any spells.
You knew the following spells:

 Your Spells              Type           Power      Damage    Failure   Level
a - Corona                Hex            12%        N/A       5%          1
b - Slow                  Hex            11%        N/A       9%          2
c - Inner Flame           Hex/Fire       11%        N/A       17%         3
d - Portal Projectile     Hex/Tloc       22%        N/A       17%         3
e - Cause Fear            Hex            5%         N/A       50%         4
f - Leda's Liquefaction   Hex/Erth       5%         N/A       50%         4
g - Shock                 Conj/Air       44%        1d5       5%          1
Your spell library was empty.

Dungeon Overview and Level Annotations

Branches:
Dungeon (2/15)

Altars:
The Shining One

Shops:
D:1 ?


Innate Abilities, Weirdness & Mutations

You are immune to poison.
Your flesh is very heat resistant. (rF++)
You are vulnerable to cold. (rC-)
You float through the air rather than walking.
You learn spells naturally, not from books.
Your magical power is your life essence.
You have superior vitality. (+4 HP)


Message History

Aiming: Shock (safe; 5% risk of failure)
Press: ? - help, Shift-Dir - straight line, f/p - adder
Aim: an adder (lightly wounded, 52% to evade)
The zap hits the adder.
The adder is moderately wounded.
The adder barely misses you.
Unknown command.
Casting: Shock (safe; 5% risk of failure)
Confirm with . or Enter, or press ? or * to list all spells.
Aiming: Shock (safe; 5% risk of failure)
Press: ? - help, Shift-Dir - straight line, f/p - adder
Aim: an adder (moderately wounded, 52% to evade)
The zap misses the adder.
The adder barely misses you. The adder bites you but does no damage.
You shoot a bolt. The bolt misses the adder.
The adder bites you.
Unknown command.
You shoot a bolt. The bolt misses the adder.
The adder bites you. The adder closely misses you.
You shoot a bolt. The bolt barely misses the adder.
The adder bites you. The adder closely misses you.
You shoot a bolt. The bolt misses the adder.
The adder closely misses you. The adder bites you.
You are too injured to fight recklessly!
Casting: Shock (safe; 5% risk of failure)
Confirm with . or Enter, or press ? or * to list all spells.
Aiming: Shock (safe; 5% risk of failure)
Press: ? - help, Shift-Dir - straight line, p - adder The zap hits the adder.
The adder is lightly wounded.
The zap hits the adder.
The adder is heavily wounded.
The adder bites you. x2
* * * LOW HITPOINT WARNING * * *
Casting: Shock (safe; 5% risk of failure)
Confirm with . or Enter, or press ? or * to list all spells.
Aiming: Shock (safe; 5% risk of failure)
Press: ? - help, Shift-Dir - straight line
* * * LOW HITPOINT WARNING * * *
The adder bites you.
You die...

..# #.# # #.# #. #.#
#.##.##### . .
####........########. .
..>................... .
#.#....@.........##... .
#.####S##............. .
#####.......+....^........ .
#(.........##........#......
...........######.......<...
......!....# #...........
.............# #......#....
..............######.)....#
#.
#.....)...................#
#.


You could see an adder.

Vanquished Creatures
  An adder (D:2)
  A worm (D:2)
  3 endoplasms
  A giant cockroach (D:1)
  7 goblins (D:1)
  A hobgoblin (D:1)
  3 jackals (D:1)
  3 quokkas
  A ball python (D:1)
  5 bats
  5 frilled lizards
  3 kobolds
  A rat (D:1)
35 creatures vanquished.

Notes
Turn   | Place    | Note
-------+----------+-------------------------------------------
     0 | D:1      | tsouns the Djinni Arcane Marksman began the quest for the
                  | Orb.
     0 | D:1      | Reached XP level 1. HP: 17/17 MP: 0/0
   177 | D:1      | Reached XP level 2. HP: 22/22 MP: 0/0
   726 | D:1      | Reached XP level 3. HP: 27/27 MP: 0/0
   726 | D:1      | Learned a level 1 spell: Shock
   797 | D:1      | Found Heeloot's Magic Scroll Boutique.
   804 | D:1      | Bought a scroll of identify for 24 gold pieces
   995 | D:2      | Reached skill level 3 in Spellcasting
  1298 | D:2      | Found a glowing golden altar of the Shining One.
  1437 | D:2      | Slain by an adder

Illustrated notes

Levels and vault maps discovered:
D:1:      tarquinn_simple_flora_water_a, layout_loops_cross, serial_shops, shop
D:2:      layout_basic, nicolae_overflow_crystal_walls, minmay_bisected

Skill      XL: |  1  2  3 |
---------------+----------+-----
Crossbows      | 2 |  2.5
Spellcasting   | 3 |  3.0
Fighting       | |  1.8
Dodging        | |  2.1

Action                   || total
-------------------------++-------
 Fire: Hand crossbow     ||    55
 Cast: Corona            ||     4
       Shock             ||    31
  Use: Scroll            ||     4
Armor: Robe              ||     5
Dodge: Dodged            ||    20

Table legend: (Time is in decaauts)
 A = Elapsed time spent in this place.
 B = Non-inter-level travel time spent in this place.
 C = Inter-level travel time spent in this place.
 D = Time resting spent in this place.
 E = Time spent auto-exploring this place.
 F = Levels seen in this place.
 G = Mean time per level.
                   A        B        C        D        E       F      G
               +--------+--------+--------+--------+--------+-----+--------+
         Total |   1458 |   1429 |     29 |      0 |   1200 |   2 |  729.0 |
       Dungeon |   1458 |   1429 |     29 |      0 |   1200 |   2 |  729.0 |
               +--------+--------+--------+--------+--------+-----+--------+

Top non-repeatable levels by time:
     D:1: 881 daAuts
     D:2: 576 daAuts
